 Dungeon Crawl Stone Soup version 0.22-a0-425-g89d60a1 (webtiles) character file.

7623 Jynxie the Spear-Bearer (level 11, -7/85 HPs)
             Began as a Merfolk Ice Elementalist on May 24, 2018.
             Was a Priest of Yredelemnul.
             Mangled by a two-headed ogre
             ... wielding a +0 giant spiked club
              (12 damage)
             ... on level 9 of the Dungeon on May 25, 2018.
             The game lasted 00:54:43 (14129 turns).

Jynxie the Spear-Bearer (Merfolk Ice Elementalist) Turns: 14129, Time: 00:54:44

Health: -7/85      AC: 10    Str:  9    XL:     11   Next: 18%
Magic:  0/17       EV: 16    Int: 18    God:    Yredelemnul [***...]
Gold:   740        SH:  0    Dex: 14    Spells: 4/18 levels left

rFire    . . .     SeeInvis .   l - +1 trident (venom)
rCold    + . .     Gourm    .   (no shield)
rNeg     . . .     Faith    .   a - +0 robe
rPois    .         Spirit   .   (no helmet)
rElec    .         Reflect  .   (no cloak)
rCorr    .         Harm     .   t - +1 pair of gloves {archery}
MR       .....                  (no boots)
Stlth    ++........             i - amulet of rage
HPRegen  0.24/turn              g - +3 ring of evasion
MPRegen  0.15/turn              c - ring of protection from cold

@: icy armour
A: change form in water, swift swim, stealthy swim
a: Recall Undead Slaves, Injury Mirror, Animate Dead, Renounce Religion, Evoke
Berserk Rage


You were on level 9 of the Dungeon.
You worshipped Yredelemnul.
Yredelemnul was most pleased with you.
You were very hungry.

You visited 2 branches of the dungeon, and saw 10 of its levels.

You collected 740 gold pieces.

Inventory:

Hand Weapons
 l - a +1 trident of venom (weapon)
   (You took it off an orc on level 9 of the Dungeon)
Armour
 a - a +0 robe (worn)
 t - a +1 pair of gloves of archery (worn)
   (You found it on level 5 of the Dungeon)
Jewellery
 c - a ring of protection from cold (right hand)
   (You found it on level 4 of the Dungeon)
 g - a +3 ring of evasion (left hand)
   (You found it on level 3 of the Dungeon)
 i - an amulet of rage (around neck)
   (You found it on level 2 of the Dungeon)
Wands
 d - a wand of iceblast (11)
   (You found it on level 8 of the Dungeon)
 r - a wand of scattershot (5)
   (You found it on level 6 of the Dungeon)
 u - a wand of paralysis (16)
   (You found it on level 6 of the Dungeon)
 v - a wand of digging (20)
   (You found it on level 7 of the Dungeon)
Scrolls
 f - 4 scrolls of amnesia
 j - 6 scrolls of remove curse {@r2}
 k - a scroll of fear {unknown}
 p - a scroll of random uselessness {unknown}
 q - 3 scrolls of fog
 s - 2 scrolls of magic mapping
 w - 2 scrolls of enchant armour {unknown}
 x - a scroll of enchant weapon {unknown}
 y - a scroll of blinking {unknown}
 B - 5 scrolls of immolation {!r}
 D - 2 scrolls of teleportation {@r4}
Potions
 b - 2 potions of cancellation
 n - a potion of resistance
 z - 2 potions of flight
 A - a potion of heal wounds {@q2}
 C - 3 potions of brilliance
 E - a potion of haste {@q3}
Comestibles
 e - 14 rations {!d}
 h - a chunk of flesh


   Skills:
 + Level 7.6 Fighting
 * Level 12.7 Polearms
 - Level 2.6 Dodging
 - Level 2.1 Stealth
 - Level 4.0 Spellcasting
 - Level 0.7 Conjurations
 * Level 11.5 Ice Magic
 + Level 6.0 Invocations


You had 4 spell levels left.
You knew the following spells:

 Your Spells              Type           Power        Failure   Level  Hunger
a - Freeze                Ice            ####         1%          1    None
b - Throw Frost           Conj/Ice       ####..       1%          2    ##.....
c - Ozocubu's Armour      Chrm/Ice       ###.....     4%          3    ###....
d - Summon Ice Beast      Ice/Summ       ###.....     14%         4    ####...
e - Throw Icicle          Conj/Ice       ####....     12%         4    ####...

Your spell library contained the following spells:

 Spells                   Type           Power        Failure   Level  Hunger
 Apportation              Tloc           #.....       14%         1    None


Dungeon Overview and Level Annotations

Branches:
Dungeon (9/15)             Temple (1/1) D:6
   Lair: D:8-11         Orc: D:9-12

Altars:
Ashenzari
Cheibriados
Dithmenos
Elyvilon
Fedhas
Gozag
Hepliaklqana
Kikubaaqudgha
Makhleb
Nemelex Xobeh
Okawaru
Qazlal
Ru
Sif Muna
Trog
Uskayaw
Vehumet
Wu Jian
Xom
Yredelemnul
Zin
The Shining One


Message History

The two-headed ogre shouts in stereo!
You hear a horrible gurgling sound!
The two-headed ogre is too close now for your liking.
Aim: a two-headed ogre, wielding two giant spiked clubs The puff of frost hits the two-headed ogre.
A cyan ugly thing comes into view.
You see here 27 arrows.
You see here a chunk of flesh.
h - a chunk of flesh A chill wind blows around you.
You are feeling very hungry.
A film of ice covers your body! The two-headed ogre closely misses you.
The two-headed ogre misses you.
Aim: a two-headed ogre, wielding two giant spiked clubs You freeze the two-headed ogre.
The two-headed ogre misses you. x2
Aim: a two-headed ogre, wielding two giant spiked clubs (lightly wounded)
You freeze the two-headed ogre. The two-headed ogre misses you.
The two-headed ogre barely misses you.
Aim: a two-headed ogre, wielding two giant spiked clubs (lightly wounded)
You freeze the two-headed ogre.
Aim: a two-headed ogre, wielding two giant spiked clubs (moderately wounded)
You freeze the two-headed ogre.
The two-headed ogre hits you with a giant spiked club.
The two-headed ogre hits you with a giant spiked club!!
Aim: a two-headed ogre, wielding two giant spiked clubs (moderately wounded)
You freeze the two-headed ogre.
The two-headed ogre hits you with a giant spiked club!
The two-headed ogre barely misses you.
Aim: a two-headed ogre, wielding two giant spiked clubs (heavily wounded)
You freeze the two-headed ogre.
Aim: a two-headed ogre, wielding two giant spiked clubs (heavily wounded)
You freeze the two-headed ogre. The two-headed ogre misses you.
The two-headed ogre hits you with a giant spiked club!
* * * LOW HITPOINT WARNING * * *
Aim: a two-headed ogre, wielding two giant spiked clubs (heavily wounded)
You freeze the two-headed ogre. The two-headed ogre closely misses you.
The two-headed ogre misses you.
Aim: a two-headed ogre, wielding two giant spiked clubs (severely wounded)
You freeze the two-headed ogre.
The two-headed ogre hits you with a giant spiked club!!
* * * LOW HITPOINT WARNING * * *
The two-headed ogre closely misses you.
Aim: a two-headed ogre, wielding two giant spiked clubs (severely wounded)
You freeze the two-headed ogre.
Aim: a two-headed ogre, wielding two giant spiked clubs (severely wounded)
You freeze the two-headed ogre.
The two-headed ogre hits you with a giant spiked club!
* * * LOW HITPOINT WARNING * * *
The two-headed ogre hits you with a giant spiked club!
You die...
Your body rises from the dead as a mindless zombie.

...........##..#.#..# #.
...........##..#....# #.
......###..###.#.#######.# ##
......#....#....#..Ou.O.# #.
.#....#....#####(#.#####...# #.
.#....#....##...O#..# ... #.
.##........##..#u#..# # #.
...........#####O#### #.
...(.......#####@## ########
.....#...#.##...Y.# ####....##.
.......))..#..#...## #..###...#.
...........#.###...####...(##..#P
.......)...#..#......###...)##.#.
......#....#...........#.....#...
##....####.#......#..#.##....#.#.
#....# #.###...###.#).##.....#♣
#....# #.# ##...#..#...###...#♣


You could see a cyan ugly thing, 2 two-headed ogres and a friendly ice beast.

Vanquished Creatures
  3 two-headed ogres
  An unseen horror (D:9)
  An ugly thing (D:9)
  2 hippogriffs (D:9)
  2 yaks (D:9)
  3 hungry ghosts (D:9)
  An acid dragon (D:9)
  An ice beast (D:5)
  2 sky beasts
  A black bear (D:9)
  2 ogres
  A necrophage (D:9)
  An eye of draining (D:9)
  2 phantoms
  A crocodile (D:9)
  3 centaurs
  3 bullfrogs
  A water moccasin zombie (D:7)
  2 scorpions
  2 killer bees (D:8)
  A crimson imp (D:5)
  2 howler monkeys (D:9)
  2 bullfrog zombies
  2 centaur zombies (D:9)
  A jelly (D:6)
  2 hounds
  3 orc priests
  4 orc wizards
  A bullfrog skeleton (D:9)
  Terence (D:3)
  2 worker ants
  A hound zombie (D:9)
  2 hound skeletons (D:9)
  A howler monkey zombie (D:6)
  A gnoll (D:6)
  17 adders
  A shadow imp (D:9)
  3 oozes
  An adder skeleton (D:4)
  An adder zombie (D:7)
  2 worms (D:2)
  5 leopard geckos
  26 orcs
  2 ball pythons (D:2)
  8 bats
  4 giant cockroaches
  11 goblins
  15 hobgoblins
  6 jackals
  8 kobolds
  3 quokkas
  3 frilled lizards
  A quokka skeleton (D:4)
  7 rats
185 creatures vanquished.

Vanquished Creatures (collateral kills)
  A flayed ghost (D:9)
  2 yaks (D:9)
  A hungry ghost (D:9)
  A water moccasin (D:9)
  An orc warrior (D:8)
  An ice beast (D:8)
  2 ogres
  A black bear (D:7)
  2 bullfrogs
  4 killer bees (D:8)
  A howler monkey (D:9)
  A crimson imp (D:9)
  A jelly (D:9)
  2 orc priests (D:7)
  An orc wizard (D:9)
  A centaur skeleton (D:9)
  A bullfrog skeleton (D:9)
  A worker ant (D:9)
  An adder (D:9)
  8 orcs
34 creatures vanquished.

Vanquished Creatures (others)
  A two-headed ogre zombie (D:9)
  A hippogriff zombie (D:9)
  3 plants (D:9)
5 creatures vanquished.

Grand Total: 224 creatures vanquished

Notes
Turn   | Place    | Note
-------+----------+-------------------------------------------
     0 | D:1      | Jynxie the Merfolk Ice Elementalist began the quest for the Orb.
     0 | D:1      | Reached XP level 1. HP: 13/13 MP: 3/3
   400 | D:1      | Reached skill level 1 in Fighting
   400 | D:1      | Reached XP level 2. HP: 20/21 MP: 0/5
  1016 | D:1      | Learned a level 2 spell: Throw Frost
  1099 | D:2      | Found a stormy altar of Qazlal.
  1137 | D:2      | Reached XP level 3. HP: 26/26 MP: 3/6
  1144 | D:2      | Found a bloodstained altar of Trog.
  1208 | D:2      | Learned a level 3 spell: Ozocubu's Armour
  1924 | D:2      | Reached XP level 4. HP: 32/33 MP: 1/7
  2261 | D:3      | Noticed Terence
  2292 | D:3      | Killed Terence
  2527 | D:3      | Reached skill level 5 in Ice Magic
  2527 | D:3      | Reached XP level 5. HP: 33/39 MP: 2/8
  2916 | D:3      | Found an iron altar of Okawaru.
  3233 | D:3      | Found a sacrificial altar of Ru.
  3994 | D:4      | Noticed a phantom
  4086 | D:4      | Killed a phantom
  4086 | D:4      | Reached skill level 1 in Polearms
  4086 | D:4      | Reached XP level 6. HP: 11/47 MP: 6/10
  4684 | D:5      | Entered Level 5 of the Dungeon
  4701 | D:5      | Reached skill level 2 in Polearms
  4768 | D:5      | Learned a level 4 spell: Summon Ice Beast
  4773 | D:5      | Noticed a sky beast
  4783 | D:5      | Killed a sky beast
  4783 | D:5      | Reached skill level 3 in Polearms
  4886 | D:5      | Reached XP level 7. HP: 12/52 MP: 0/11
  5291 | D:5      | Found an opulent altar of Gozag.
  5309 | D:5      | Reached skill level 4 in Polearms
  5377 | D:5      | Found a deep blue altar of Sif Muna.
  5531 | D:5      | Identified Sif Muna's Catalogue of Orientation
  5808 | D:6      | Reached skill level 5 in Polearms
  5891 | D:5      | Reached XP level 8. HP: 19/60 MP: 10/13
  6097 | D:5      | Learned a level 4 spell: Throw Icicle
  6520 | D:6      | Reached skill level 6 in Polearms
  6625 | D:6      | Found a staircase to the Ecumenical Temple.
  6653 | Temple   | Entered the Ecumenical Temple
  6685 | Temple   | Became a worshipper of Yredelemnul the Dark
  7049 | D:6      | Reached * piety under Yredelemnul
  7372 | D:6      | Found an ornate altar of the Wu Jian Council.
  7372 | D:6      | Found a snail-covered altar of Cheibriados.
  7477 | D:6      | Reached skill level 1 in Invocations
  7842 | D:7      | Reached skill level 7 in Polearms
  8156 | D:7      | Found a radiant altar of Vehumet.
  8181 | D:7      | Reached skill level 5 in Fighting
  8497 | D:8      | Reached XP level 9. HP: 58/68 MP: 1/15
  8505 | D:8      | Reached skill level 8 in Polearms
  8742 | D:8      | Noticed a two-headed ogre
  9078 | D:7      | HP: 3/68 [two-headed ogre/giant club (26)]
  9561 | D:7      | Killed a two-headed ogre
  9561 | D:7      | Reached skill level 9 in Polearms
  9937 | D:8      | Reached ** piety under Yredelemnul
 10103 | D:8      | Found a hide-covered altar of Uskayaw.
 10173 | D:8      | Found a glowing golden altar of the Shining One.
 10226 | D:8      | Found a shimmering altar of Xom.
 10227 | D:8      | Found a hazy altar of Hepliaklqana.
 10228 | D:8      | Noticed a spectral ugly thing
 10294 | D:8      | Noticed a two-headed ogre
 11129 | D:8      | HP: 2/69 [two-headed ogre/giant club (20)]
 11130 | D:8      | Killed a two-headed ogre
 11130 | D:8      | Reached skill level 10 in Polearms
 11130 | D:8      | Reached XP level 10. HP: 2/77 MP: 1/16
 11626 | D:9      | Found a radiant altar of Vehumet.
 11655 | D:9      | Noticed a two-headed ogre
 11687 | D:9      | Killed a two-headed ogre
 11687 | D:9      | Reached skill level 10 in Ice Magic
 12033 | D:9      | Reached skill level 11 in Polearms
 12150 | D:9      | Reached skill level 5 in Invocations
 12681 | D:9      | Noticed a purple ugly thing
 12695 | D:9      | Killed a purple ugly thing
 12736 | D:9      | Reached *** piety under Yredelemnul
 12815 | D:9      | Noticed a two-headed ogre
 13079 | D:9      | Reached skill level 12 in Polearms
 13580 | D:9      | Noticed a flayed ghost
 13599 | D:9      | Reached XP level 11. HP: 84/84 MP: 0/17
 13609 | D:9      | Killed a flayed ghost
 13665 | D:9      | Killed an unseen horror
 14087 | D:9      | Noticed a two-headed ogre
 14106 | D:9      | Noticed a cyan ugly thing
 14129 | D:9      | Mangled by a two-headed ogre

Vault maps used:
D:1:      dpeg_arrival_water_fire
D:2:      lemuel_doored_altar, lemuel_coloured_pillars_altar, first_ration,
          patterned_corridor
D:3:      okawaru_gym_becter, nicolae_ru_sacrificial_ziggurat, minivault_26,
          grunt_decor_arrowhead, kennysheep_generic_room_8, uniq_terence
D:4:      kennysheep_small_square
D:5:      lemuel_crystal_altar, led_sif_book, kennysheep_nondescript
D:6:      corexii_shantytown, gammafunk_temple_overflow_pools, temple_fountains
D:7:      overflow_temple_1_default
D:8:      regret_index_temple_of_mockery, eat_drink_and_be_merry_uskayaw,
          lemuel_round_altar
D:9:      minmay_the_grid_3x3, basic_altar
Temple:   nicolae_temple_figure_zero

Skill      XL: |  1  2  3  4  5  6  7  8  9 10 11 |
---------------+----------------------------------+-----
Fighting       | 1 2 3 4 5 6 7 |  7.6
Ice Magic      | 4 5 6 7 8 9 11 | 11.5
Polearms       | 1 3 5 7 10 12 | 12.7
Spellcasting   | 3 4 |  4.0
Invocations    | 2 4 5 6 |  6.0
Dodging        | |  2.6
Stealth        | |  2.1
Conjurations   | |  0.7

Action                   |  1- 3 |  4- 6 |  7- 9 | 10-12 || total
-------------------------+-------+-------+-------+-------++-------
Melee: Dagger            |       |    19 |       |       ||    19
       Spear             |       |    66 |   329 |    38 ||   433
       Tailslap          |       |       |     2 |       ||     2
       Trident           |       |       |       |   167 ||   167
 Cast: Freeze            |    61 |    89 |   143 |    77 ||   370
       Throw Frost       |       |     7 |     2 |    16 ||    25
       Ozocubu's Armour  |       |     6 |     8 |     4 ||    18
       Summon Ice Beast  |       |       |    27 |    10 ||    37
Invok: Animate Remains   |       |       |       |     2 ||     2
  Use: Scroll            |       |     9 |     3 |     6 ||    18
       Potion            |       |     6 |       |       ||     6
 Stab: Sleeping          |       |     4 |    13 |     2 ||    19
       Distracted        |       |       |     1 |     4 ||     5
  Eat: Chunk             |     3 |     9 |    14 |     6 ||    32
       Ration            |       |     1 |     4 |     5 ||    10
Armor: Robe              |    10 |    17 |    44 |    32 ||   103
       Skin              |       |    11 |       |       ||    11
Dodge: Dodged            |    42 |    87 |   253 |   120 ||   502

Table legend:
 A = Spawn XP
 B = Non-spawn XP
 C = Spawn XP percentage of total XP
 D = Spawn monster count
 E = Non-spawn monster count
 F = Spawn count percentage of total count
 G = Total turns spent on level
                    A         B        C        D         E        F      G
               +---------+---------+-------+---------+---------+-------+---------
         Total |       0 |   10890 |   0.0 |       0 |     219 |   0.0 | 14129
               +---------+---------+-------+---------+---------+-------+---------
           D:1 |       0 |      27 |   0.0 |       0 |      14 |   0.0 |  1023
           D:2 |       0 |      81 |   0.0 |       0 |      18 |   0.0 |  1238
           D:3 |       0 |     155 |   0.0 |       0 |      24 |   0.0 |  1167
           D:4 |       0 |     169 |   0.0 |       0 |       7 |   0.0 |  1256
           D:5 |       0 |     611 |   0.0 |       0 |      11 |   0.0 |  1326
           D:6 |       0 |     768 |   0.0 |       0 |      58 |   0.0 |  1925
           D:7 |       0 |    1312 |   0.0 |       0 |      13 |   0.0 |  2061
           D:8 |       0 |    1709 |   0.0 |       0 |      23 |   0.0 |  1512
           D:9 |       0 |    6058 |   0.0 |       0 |      51 |   0.0 |  2500
               +---------+---------+-------+---------+---------+-------+---------
